 Dungeon Crawl Stone Soup version 0.31-a0-165-g3f4f80340b (webtiles) character file.

Game seed: 7791433579309777229

54 qw the Shooter (level 3, -1/23 HPs)
             Began as a Gargoyle Hunter on June 13, 2023.
             Slain by Terence
             ... wielding a +0 short sword of freezing
              (7 damage)
             ... on level 2 of the Dungeon.
             The game lasted 00:00:28 (1066 turns).

qw the Shooter (Gargoyle Hunter)                    Turns: 1066, Time: 00:00:29

Health: -1/23      AC:  6    Str: 14    XL:     3   Next: 91%
Magic:  3/3        EV: 11    Int:  9    God:
Gold:   69         SH:  0    Dex: 15    Spells: 2/2 levels left

rFire   . . .        Y - +0 shortbow
rCold   . . .        (shield currently unavailable)
rNeg    + . .        c - +0 leather armour
rPois   inf          (no helmet)
rElec   +            (no cloak)
rCorr   .            (no gloves)
SInv    .            (no boots)
Will    .....        (no amulet)
Stlth   ++           (no ring)
HPRegen 0.23/turn    (no ring)
MPRegen 0.08/turn

%: no passive effects
@: about to teleport
A: sickness immunity, AC +3, negative energy resistance 1, electricity
resistance, torment resistance 1, petrification resistance
a: no special abilities


You were on level 2 of the Dungeon.
You visited 1 branch of the dungeon, and saw 2 of its levels.

You collected 69 gold pieces.


Innate Abilities, Weirdness & Mutations

You are immune to sickness and miasma.
Your stone body is resilient. (AC +3)
You are immune to poison.
You resist negative energy. (rN+)
You are resistant to electric shocks. (rElec)
You are resistant to unholy torment.
You are immune to petrification.


   Skills:
 - Level 3.1 Fighting
 + Level 5.0 Ranged Weapons
 - Level 1.5 Dodging
 - Level 1.1 Stealth


You had 2 spell levels left.
You didn't know any spells.
Your spell library was empty.

Inventory:

Hand Weapons
 Y - a +0 shortbow (weapon)
Armour
 c - a +0 leather armour (worn)
 e - a +0 pair of boots
Jewellery
 d - a ring of ice
 g - the ring "Uxairio" {rPois Str+6}
   (You found it on level 2 of the Dungeon)

   [ring of strength]

   Str:       It affects your strength (+6).
   rPois:     It protects you from poison.
Scrolls
 a - a scroll of torment {unknown}
 i - a scroll of identify
Potions
 b - 2 potions of curing {unknown}
 h - 2 potions of might {unknown}

Dungeon Overview and Level Annotations

Branches:
Dungeon (2/15)

Altars:

Annotations:
D:2 Terence


Message History

Terence hits you but does no damage. The jackal barely misses you.
You shoot an arrow. The arrow hits Terence.
Terence is moderately wounded.
Terence hits you but does no damage.
The jackal bites you but does no damage.
You shoot an arrow. The arrow hits Terence.
Terence is heavily wounded.
The jackal bites you but does no damage.
Terence closely misses you. The jackal barely misses you.
Terence hits you with a +0 short sword of freezing.
Terence freezes you.
You shoot an arrow. The arrow hits Terence.
Terence is severely wounded.
The jackal misses you. Terence barely misses you.
The jackal completely misses you.
You shoot an arrow.
The arrow hits Terence but does no damage.
Terence is severely wounded.
The jackal bites you but does no damage.
Terence drinks a potion.
Terence is healed!
You shoot an arrow. The arrow hits Terence.
Terence is moderately wounded.
The jackal bites you but does no damage.
Terence hits you with a +0 short sword of freezing.
Terence freezes you. The jackal bites you.
1064 ||| READING scroll of teleportation.
As you read the scroll of teleportation, it crumbles to dust.
You feel strangely unstable.
The jackal bites you but does no damage.
Terence closely misses you.
You shoot an arrow. The arrow closely misses Terence.
The jackal barely misses you. Terence barely misses you. The jackal misses you.
You shoot an arrow.
The arrow hits Terence but does no damage.
Terence is moderately wounded.
The jackal bites you but does no damage.
Terence completely misses you.
The jackal bites you but does no damage.
Terence hits you with a +0 short sword of freezing!
You die...

.... .# ..# .######
####. #.##.+.....
..... ..## #..#....#
####. #.?.###..##..#
#. # #..?##.##.# #.
#.###.#...#.########.
#[h#.##)#.........#.
#@@#..##.........#.
##.#.#.#.........#
.##.#.#.........#
.[.#.#...........+.
.#.#.##...........#.
..## .....##.#######.
.. .?....#.# # .#
#...#.#.# #####...#


You could see Terence and a jackal.

Vanquished Creatures
  A gnoll (D:2)
  A dart slug (D:1)
  4 endoplasms
  A giant cockroach (D:1)
  A hobgoblin (D:1)
  5 jackals (D:1)
  7 kobolds
  2 quokkas (D:1)
  2 ball pythons (D:1)
  4 bats
  3 frilled lizards (D:1)
  6 goblins
  5 rats
42 creatures vanquished.

Notes
Turn   | Place    | Note
-------+----------+-------------------------------------------
     0 | D:1      | qw the Gargoyle Hunter began the quest for the Orb.
     0 | D:1      | Reached XP level 1. HP: 12/12 MP: 1/1
     0 | D:1      | 0 ||| qw: Version: 0.2-a-29-gc1b59c4
     0 | D:1      | 0 ||| qw: Game counter: 4788
     0 | D:1      | 0 ||| qw: Always use a shield: true
     0 | D:1      | 0 ||| qw: God list: Okawaru
     0 | D:1      | 0 ||| qw: Allow faded altars: false
     0 | D:1      | 0 ||| qw: Do Orc after D:15 true
     0 | D:1      | 0 ||| qw: Do second Lair branch before Depths: true
     0 | D:1      | 0 ||| qw: Lair rune preference: random
     0 | D:1      | 0 ||| qw: Plans: Normal, Zot:1-4, Slime:5, God:TSO, Crypt,
                  | Tomb, Abyss, Pan, Hells, Win
     0 | D:1      | 0 ||| PLANNING D:1-11
   120 | D:1      | Reached XP level 2. HP: 17/17 MP: 2/2
   342 | D:1      | Reached XP level 3. HP: 21/21 MP: 3/3
   355 | D:1      | Reached skill level 5 in Ranged Weapons
   581 | D:1      | 581 ||| READING scroll labelled TOSOUL BEJO.
   682 | D:1      | 682 ||| READING 2 scrolls labelled IDULYU UTAE.
   687 | D:1      | 687 ||| READING scroll labelled NUONIR KA ZEZ.
   688 | D:1      | 688 ||| READING scroll labelled CUOWIT ZEKKUR.
   689 | D:1      | 689 ||| READING scroll labelled MIAMOM KYRITIA.
   690 | D:1      | 690 ||| DROPPING scroll of butterflies.
   993 | D:2      | Identified the ring "Uxairio" {rPois Str+6}
  1034 | D:2      | Reached skill level 3 in Fighting
  1054 | D:2      | Noticed Terence
  1063 | D:2      | HP: 5/23 [jackal (1)]
  1064 | D:2      | 1064 ||| READING scroll of teleportation.
  1066 | D:2      | Slain by Terence

Levels and vault maps discovered:
D:1:      minmay_arrival_checkered_box, layout_basic, serial_bayou_pond_d,
          chequers_serial_rivers_micro_d, hangedman_decor_growths,
          minmay_close_crescents
D:2:      layout_basic, minmay_pentomino_pile, uniq_terence

Skill      XL: |  1  2  3 |
---------------+----------+-----
Ranged Weapons | 5 |  5.0
Fighting       | 3 |  3.1
Dodging        | |  1.5
Stealth        | |  1.1

Action                     || total
---------------------------++-------
   Fire: Shortbow          ||   109
    Use: Scroll            ||     6
 Armour: Leather armour    ||    23
  Dodge: Dodged            ||    31

Table legend:
 A = Non-vault XP
 B = Vault XP
 C = Vault XP percentage of total XP
 D = Non-vault monster count
 E = Vault monster count
 F = Vault count percentage of total count
                 A         B        C        D         E       F
            +---------+---------+-------+---------+---------+-------
      Total |      58 |      20 |  25.6 |      37 |       5 |  11.9
            +---------+---------+-------+---------+---------+-------
        D:1 |      41 |       6 |  12.8 |      26 |       4 |  13.3
        D:2 |      17 |      14 |  45.2 |      11 |       1 |   8.3
            +---------+---------+-------+---------+---------+-------
